 Dungeon Crawl Stone Soup version 0.16-a0-3976-g683f154 (webtiles) character file.

118 Nothgar the Covered (level 5, -4/50 HPs)
             Began as a Hill Orc Fighter on Feb 11, 2015.
             Was an Initiate of Qazlal.
             Slain by Prince Ribbit (7 damage)
             ... on level 4 of the Dungeon.
             The game lasted 00:25:21 (2394 turns).

Nothgar the Covered (Hill Orc Fighter)              Turns: 2394, Time: 00:25:22

Health: -4/50      AC: 10    Str: 24    XL:     5   Next: 2%
Magic:  5/5        EV:  6    Int:  8    God:    Qazlal [......]
Gold:   152        SH: 10    Dex: 10    Spells: 0 memorised, 4 levels left

rFire  . . .     SeeInvis .     t - +1 hand axe (freeze)
rCold  . . .     Clarity  .     u - +0 chain mail
rNeg   . . .     SustAb   .     c - +0 shield
rPois  .         Gourm    .     (no helmet)
rElec  .         Spirit   .     (no cloak)
rCorr  .         Warding  .     (no gloves)
rMut   +         Stasis   .     h - +0 pair of boots
MR     +....                    q - amulet of resist mutation
Stlth  ..........               (no ring)
                                w - +2 ring of strength

@: about to teleport, somewhat resistant to hostile enchantments, extremely
unstealthy
A: magic resistance 1, robust 1, strong 1
a: Renounce Religion


You were on level 4 of the Dungeon.
You worshipped Qazlal.
Qazlal was noncommittal.
You were not hungry.

You visited 1 branch of the dungeon, and saw 4 of its levels.

You collected 152 gold pieces.

Inventory:

Hand weapons
 a - a +0 war axe
 b - a +1 spear of venom
 f - a +0 dagger
 t - a +1 hand axe of freezing (weapon)
 C - a +0 spear
Missiles
 m - 14 stones (quivered)
Armour
 c - a +0 shield (worn)
 h - a +0 pair of boots (worn)
 n - a +0 scale mail
 p - a +0 scale mail
 u - a +0 chain mail (worn)
 A - the +7 chain mail of Scheretay {Regen+ Int+4 Stlth-}
   (You found it on level 4 of the Dungeon)

   It affects your intelligence (+4).
   It increases your rate of regeneration.
   It makes you less stealthy.
Jewellery
 q - an amulet of resist mutation (around neck)
 w - a +2 ring of strength (left hand)
Magical devices
 v - a wand of teleportation (0)
Scrolls
 j - 5 scrolls of remove curse
 k - a scroll of blinking {unknown}
 o - a scroll of teleportation {unknown}
 y - 2 scrolls of enchant weapon {unknown}
Potions
 e - a potion of might
 i - a potion of agility {unknown}
 l - 2 potions of curing
 r - 2 potions of flight
 B - a potion of poison {unknown}
Comestibles
 d - a meat ration
 s - a slice of pizza
 x - a royal jelly
 z - a beef jerky


   Skills:
 + Level 4.0 Fighting
 + Level 3.5 Axes
 + Level 4.2 Armour
 + Level 1.2 Dodging
 + Level 0.5 Stealth
 + Level 4.1 Shields


You had 4 spell levels left.
You didn't know any spells.

Dungeon Overview and Level Annotations

Branches:
Dungeon (4/15)
 Temple: D:4-7

Altars:
Qazlal

Annotations:
D:4 Prince Ribbit


Innate Abilities, Weirdness & Mutations

You are resistant to hostile enchantments.
You are robust (+10% HP).
Your muscles are strong. (Str +2)


Message History

Prince Ribbit hits you!
Prince Ribbit momentarily phases out as your attack passes through him.
You block Prince Ribbit's attack. x2
Prince Ribbit momentarily phases out as your attack passes through him.
You block Prince Ribbit's attack. Prince Ribbit hits you!
* * * LOW HITPOINT WARNING * * *
Prince Ribbit hits you!
* * * LOW HITPOINT WARNING * * *
There is an open door here.
Zapping:
v - a wand of teleportation {zapped: 3} (will waste charges)
Press: ? - help, Shift-Dir - straight line, f - you You feel strangely unstable.
Evoking this partially-identified wand wasted a few charges.
Prince Ribbit barely misses you. You block Prince Ribbit's attack.
That item cannot be evoked!
Zapping:
v - a wand of teleportation {zapped: 5} (will waste charges)
Press: ? - help, Shift-Dir - straight line, f - you Nothing appears to happen.
Prince Ribbit hits you!
You die...

.... ..... ......
....... .......
######.......
#.............
#.....#+#######+#
#.....F@........#
#.....#.........#
##+####....##.<.#
#....##...#
#'#####...#
#.........#
#....##+###
#....# #....#


You could see Prince Ribbit.

Vanquished Creatures
  Ijyb (D:2)
  Terence (D:3)
  An adder (D:2)
  3 gnolls (D:3)
  A worm (D:3)
  2 giant geckos (D:2)
  An ooze (D:2)
  A ball python (D:4)
  8 bats
  A giant cockroach (D:1)
  3 hobgoblins (D:3)
  7 jackals
  4 kobolds
  A quokka (D:2)
  2 goblins (D:1)
  6 rats
43 creatures vanquished.

Notes
Turn   | Place    | Note
--------------------------------------------------------------
     0 | D:1      | Nothgar, the Hill Orc Fighter, began the quest for the Orb.
     0 | D:1      | Reached XP level 1. HP: 19/19 MP: 1/1
   264 | D:1      | Reached XP level 2. HP: 14/27 MP: 2/2
   288 | D:1      | Gained mutation: You are resistant to hostile enchantments. [potion of mutation]
   288 | D:1      | Gained mutation: Your muscles are strong. (Str +2) [potion of mutation]
   288 | D:1      | Gained mutation: You are robust (+10% HP). [potion of mutation]
   793 | D:2      | Found a stormy altar of Qazlal.
   802 | D:2      | Became a worshipper of Qazlal Stormbringer
  1262 | D:2      | Noticed Ijyb
  1268 | D:2      | Reached XP level 3. HP: 36/36 MP: 3/3
  1277 | D:2      | Killed Ijyb
  1444 | D:2      | Reached skill level 1 in Dodging
  1611 | D:3      | Reached skill level 4 in Armour
  1611 | D:3      | Reached XP level 4. HP: 44/44 MP: 4/4
  1626 | D:3      | Noticed Terence
  1639 | D:3      | Killed Terence
  2149 | D:3      | Reached XP level 5. HP: 47/50 MP: 5/5
  2382 | D:4      | Noticed Prince Ribbit
  2383 | D:4      | Got a bloodstained chain mail
  2384 | D:4      | Identified the +7 chain mail of Scheretay {Regen+ Int+4 Stlth-} (You found it on level 4 of the Dungeon)
  2394 | D:4      | Slain by Prince Ribbit

Action                   |  1- 3 |  4- 6 || total
-------------------------+-------+-------++-------
Melee: War axe           |    87 |    11 ||    98
       Hand axe          |       |    72 ||    72
Evoke: Wand              |       |     1 ||     1
  Use: Potion            |     3 |       ||     3
       Scroll            |     5 |     9 ||    14
  Eat: Chunk             |     2 |     3 ||     5
